 Seeded DCSS version 0.30.1-11-g7821555f0a (webtiles) character file.

Game seed: 6351066067085065685 (custom seed)

289784 Esekla the Sorcerer (level 19, 0/116 HPs)
             Began as a Deep Elf Wanderer on Nov 4, 2023.
             Was the Champion of Vehumet.
             Killed from afar by an ancient champion (42 damage)
             ... with an iron shot
             ... on level 3 of the Crypt.
             The game lasted 05:31:30 (34357 turns).

Esekla the Sorcerer (Deep Elf Wanderer)            Turns: 34357, Time: 05:31:30

Health: 0/116      AC: 23    Str:  9    XL:     19   Next: 92%
Magic:  35/51      EV: 14    Int: 33    God:    Vehumet [******]
Gold:   808        SH:  4    Dex: 11    Spells: 5/71 levels left

rFire   + . .        a - +9 long sword (protect)
rCold   . . .        f - +0 buckler
rNeg    + . .        O - +1 ring mail "Uronn" {rF+ Regen+ Int+3}
rPois   +            J - +2 helmet {Int+3}
rElec   +            E - +2 cloak {Stlth+}
rCorr   .            j - +0 pair of gloves
SInv    .            C - +2 pair of boots {rampage}
Will    .....        z - amulet of magic regeneration
Stlth   +++          n - ring of Greed {rElec rPois rN+ AC+4 Str-2}
HPRegen 1.19/turn    w - ring of the Mage {Wiz Archmagi}
MPRegen 0.72/turn

%: rampage, wizardry (x1), archmagi
@: weak-willed, wereblooded
A: no striking features
}: 2/15 runes: barnacled, gossamer
a: Renounce Religion


You were on level 3 of the Crypt.
You worshipped Vehumet.
Vehumet was exalted by your worship.
You visited 8 branches of the dungeon, and saw 34 of its levels.
You visited 1 bazaar.
You also visited: Trove and Bailey.

You collected 6522 gold pieces.
You spent 5714 gold pieces at shops.

Inventory:

Hand Weapons
 a - a +9 long sword of protection (weapon)
 c - a +2 demon blade of electrocution
 e - the +8 arc blade {discharge, rElec}
   (You bought it in a shop on level 4 of the Dungeon)

   rElec:     It insulates you from electricity.
 r - a +4 trident of venom
 s - the +8 Vampire's Tooth {megavamp}
   (You bought it in a shop in a bazaar)
Missiles
 g - 27 boomerangs (quivered)
 t - 84 poisoned darts
 K - 7 curare-tipped darts
 Z - 9 silver javelins
Armour
 f - a +0 buckler (worn)
 j - a +0 pair of gloves (worn)
 C - a +2 pair of boots of rampaging (worn)
 E - a +2 cloak of stealth (worn)
 J - a +2 helmet of intelligence (worn)
 O - the +1 ring mail "Uronn" (worn) {rF+ Regen+ Int+3}
   (You found it on level 4 of the Shoals)

   Int:       It affects your intelligence (+3).
   rF:        It protects you from fire.
   Regen:     It increases your rate of health regeneration.
 W - the +0 pair of boots "Pojoas" {Rampage +Inv Int+3}
   (You acquired it on level 1 of the Elven Halls)

   Int:       It affects your intelligence (+3).
   +Inv:      It lets you turn invisible.
   Rampage:   It bestows one free step when moving towards enemies.
 Y - the +1 animal skin "Kougi" {rPois rF++ MP+9}
   (You found it on level 2 of the Shoals)

   rF:        It greatly protects you from fire.
   rPois:     It protects you from poison.
   MP:        It affects your magic capacity (+9).
Jewellery
 n - the ring of Greed (left hand) {rElec rPois rN+ AC+4 Str-2}
   (You bought it in a shop on level 2 of the Dungeon)

   [ring of protection]

   AC:        It affects your AC (+4).
   Str:       It affects your strength (-2).
   rElec:     It insulates you from electricity.
   rPois:     It protects you from poison.
   rN:        It protects you from negative energy.
 w - the ring of the Mage (right hand) {Wiz Archmagi}
   (You bought it in a shop on level 2 of the Dungeon)

   [ring of wizardry]

   It improves your spell success rate.
   Archmagi:  It increases the power of your magical spells.
 z - an amulet of magic regeneration (around neck)
 N - a ring of see invisible
 S - the ring "Pileq" {Ice Str+4 Dex+3 Slay+2}
   (You took it off a merfolk on level 4 of the Shoals)

   [ring of ice]

   It enhances your ice magic.
   Str:       It affects your strength (+4).
   Dex:       It affects your dexterity (+3).
   Slay:      It affects your accuracy & damage with ranged weapons and melee
   (+2).
   rF:        It makes you vulnerable to fire.
   rC:        It protects you from cold.
 U - a +6 ring of intelligence
 V - the ring "Edamun" {rF+ Will+ Str+3 Dex+2 Slay+2}
   (You found it in a treasure trove)

   [ring of willpower]

   Str:       It affects your strength (+3).
   Dex:       It affects your dexterity (+2).
   Slay:      It affects your accuracy & damage with ranged weapons and melee
   (+2).
   rF:        It protects you from fire.
   Will:      It increases your willpower.
Wands
 o - a wand of roots (32)
 A - a wand of flame (43)
 G - a wand of mindburst (14)
 I - a wand of quicksilver (26)
 Q - a wand of digging (9)
Scrolls
 l - 4 scrolls of identify
 m - 4 scrolls of amnesia
 q - 5 scrolls of fog
 x - 3 scrolls of silence
 y - 4 scrolls of magic mapping
 B - 6 scrolls of fear
 F - 3 scrolls of poison
 H - 14 scrolls of teleportation
 L - 6 scrolls of blinking
Potions
 d - a potion of mutation
 h - 4 potions of heal wounds
 i - 12 potions of curing
 k - 3 potions of might
 p - 11 potions of haste
 u - 6 potions of brilliance
 v - 3 potions of cancellation
 M - 7 potions of ambrosia
 P - 5 potions of flight
 R - 3 potions of resistance
 T - 2 potions of magic
 X - 7 potions of attraction
Miscellaneous
 b - a lightning rod (4/4)


   Skills:
 + Level 12.0 Fighting
 + Level 4.3(4.8) Short Blades
 + Level 3.0(3.9) Long Blades
 + Level 4.0 Throwing
 - Level 7.5 Armour
 * Level 13.9 Dodging
 + Level 4.9 Stealth
 - Level 3.6 Shields
 * Level 26.7 Spellcasting
 + Level 7.1 Conjurations
 + Level 11.5 Necromancy
 + Level 7.1 Translocations
 - Level 3.7 Transmutations
 - Level 7.3 Fire Magic
 + Level 10.4 Ice Magic
 * Level 9.8 Air Magic
 * Level 11.0 Earth Magic
 - Level 9.0 Poison Magic
 + Level 1.0 Invocations
 + Level 0.5 Evocations


You had 5 spell levels left.
You knew the following spells:

 Your Spells              Type           Power      Damage    Failure   Level
a - Magic Dart            Conj           100%       1d8       1%          1
b - Blink                 Tloc           100%       N/A       1%          2
c - Mephitic Cloud        Conj/Pois/Air  100%       N/A       1%          3
d - Vampiric Draining     Necr           100%       2d13      1%          3
f - Fireball              Conj/Fire      47%        3d19      1%          5
g - Ozocubu's Refrigerat  Ice            53%        4d19      2%          7
i - Irradiate             Conj/Tmut      44%        3d26      1%          5
k - Airstrike             Air            52%        2d(8-24)  1%          4
m - Maxwell's Capacitive  Air            52%        ∞         22%         8
n - Ignite Poison         Fire/Tmut/Pois 93%        N/A       1%          3
p - Apportation           Tloc           100%       N/A       1%          1
r - Frozen Ramparts       Ice            100%       1d16      1%          3
u - Dispel Undead         Necr           100%       3d31      1%          4
v - Poisonous Vapours     Pois/Air       100%       N/A       1%          2
w - Wereblood             Tmut           80%        N/A       1%          2
x - Olgreb's Toxic Radia  Pois           100%       N/A       1%          4
y - Sticky Flame          Conj/Fire      95%        2d10      1%          4
z - Freezing Cloud        Conj/Ice/Air   51%        6-21      1%          5

Your spell library contained the following spells:

 Spells                   Type           Power      Damage    Failure   Level
 Polar Vortex             Ice            53%        N/A       88%         9
 Chain Lightning          Conj/Air       50%        3d66      98%         9
 Fire Storm               Conj/Fire      47%        8d12      99%         9
 Necrotise                Necr           100%       1d9       0%          1
 Sandblast                Erth           100%       2d20      0%          1
 Foxfire                  Conj/Fire      100%       2x1d9     1%          1
 Shock                    Conj/Air       100%       1d9       1%          1
 Sting                    Tmut/Pois      100%       1d8       1%          1
 Call Imp                 Summ           100%       N/A       1%          2
 Cigotuvi's Dreadful Rot  Necr/Pois/Air  100%       N/A       1%          2
 Lesser Beckoning         Tloc           100%       N/A       1%          2
 Passwall                 Tmut/Erth      80%        N/A       1%          2
 Static Discharge         Conj/Air       100%       2-7/arc   1%          2
 Sublimation of Blood     Necr           100%       N/A       1%          2
 Dazzling Flash           Conj/Hex       100%       N/A       1%          3
 Gell's Gravitas          Tloc           95%        N/A       1%          3
 Hailstorm                Conj/Ice       100%       3d20      1%          3
 Inner Flame              Hex/Fire       80%        N/A       1%          3
 Portal Projectile        Hex/Tloc       100%       N/A       1%          3
 Spider Form              Tmut/Pois      92%        N/A       1%          3
 Stone Arrow              Conj/Erth      100%       3d13      1%          3
 Swiftness                Air            100%       N/A       1%          3
 Teleport Other           Tloc           95%        N/A       1%          3
 Vhi's Electric Charge    Tloc/Air       100%       N/A       1%          3
 Anguish                  Hex/Necr       44%        N/A       1%          4
 Ice Form                 Ice/Tmut       94%        N/A       1%          4
 Manifold Assault         Tloc           95%        N/A       1%          4
 Passage of Golubria      Tloc           95%        N/A       1%          4
 Summon Ice Beast         Ice/Summ       87%        N/A       1%          4
 Agony                    Necr           100%       N/A       1%          5
 Arcjolt                  Conj/Air       50%        1d60      1%          5
 Silence                  Hex/Air        43%        N/A       2%          5
 Yara's Violent Unravell  Hex/Tmut       35%        3d14      3%          5
 Cause Fear               Hex            30%        N/A       8%          4
 Summon Mana Viper        Hex/Summ       60%        N/A       21%         5
 Conjure Ball Lightning   Conj/Air       50%        3x3d17    1%          6
 Death Channel            Necr           55%        N/A       1%          6
 Plasma Beam              Fire/Air       50%        2x1d71    1%          6
 Starburst                Conj/Fire      47%        6d13      1%          6
 Dispersal                Tloc           47%        N/A       6%          6
 Lehudib's Crystal Spear  Conj/Erth      51%        10d12     28%         8
 Storm Form               Tmut/Air       46%        N/A       34%         7
 Ignition                 Fire           47%        3d13      47%         8
 Dragon Form              Tmut           40%        N/A       77%         7
 Shatter                  Erth           54%        3d41*     82%         9
 Disjunction              Tloc           47%        N/A       91%         8
 Enfeeble                 Hex            30%        N/A       99%         7
 Summon Hydra             Summ           30%        N/A       99%         7
 Dragon's Call            Summ           30%        N/A       100%        9


Dungeon Overview and Level Annotations

Branches:
Dungeon (13/15)            Temple (0/1) D:6            Lair (5/5) D:11
 Shoals (4/4) Lair:2       Spider (4/4) Lair:3        Slime (0/5) Lair:5
    Orc (2/2) D:10            Elf (1/3) Orc:2        Vaults (2/5) D:13
  Crypt (3/3) Vaults:2     Bailey (visited)
   Tomb: Crypt:3

Altars:
Dithmenos
Fedhas
Hepliaklqana
Nemelex Xobeh
Okawaru
Qazlal
Ru
Trog
Uskayaw
Vehumet
Zin
The Shining One
Jiyva

Shops:
D:2 =   D:4 (   D:11 *   Orc:2 **[:   Shoals:2 (   Shoals:3 !   Vaults:1 [

Portals:
Pandemonium: Orc:2

Annotations:
Crypt:2 3 runed translucent doors, Hynnuzim's ghost, veteran CeHu; Ulecsuczon's ghost, veteran MiGl; Wesoq's ghost, veteran MiGl


Message History

The sticky flame hits the ancient champion but does no damage.
The ancient champion is covered in liquid flames!
The ancient champion burns!
The ancient champion hits you with a +3 heavy great mace!!
Blink to where?
Press: ? - help, Dir - move target, p - ancient champion
As you read the scroll of blinking, it crumbles to dust.
Casting: Sticky Flame (safe; 1% risk of failure)
Confirm with . or Enter, or press ? or * to list all spells.
Aiming: Mephitic Cloud (safe; 1% risk of failure)
Press: ? - help, Shift-Dir - straight line You feel a surge of power!
The ball explodes into a vile cloud!
The ancient champion burns!
The ancient champion gestures wildly while chanting.
The ancient champion seems to speed up.
Throw: 27 boomerangs
Press: ? - help, Q - select action, (/) - cycle Shift-Dir - straight line, f - ancient champion
Aim: an ancient champion, wielding a +3 heavy great mace and wearing a +0 plate armour (lightly damaged, fast, covered in liquid flames, 91% to hit)
You throw a boomerang.
The boomerang hits the ancient champion.
The ancient champion is moderately damaged.
You howl as the wereblood boils in your veins!
The ancient champion burns!
Throw: 27 boomerangs
Press: ? - help, Q - select action, (/) - cycle Shift-Dir - straight line, f/p - ancient champion
Aim: an ancient champion, wielding a +3 heavy great mace and wearing a +0 plate armour (moderately damaged, fast, covered in liquid flames, 91% to hit)
You throw a boomerang.
The boomerang barely misses the ancient champion.
The boomerang hits the white draconian skeleton!
The white draconian skeleton is moderately damaged.
The ancient champion burns!
The ancient champion stops burning.
A reaper comes into view. It is wielding a +2 scythe of flaming.
Casting: Mephitic Cloud (safe; 1% risk of failure)
Confirm with . or Enter, or press ? or * to list all spells.
You feel a surge of power!
You ignite the poison in your surroundings!
The ancient champion is engulfed in blazing flames.
The ancient champion gestures at you while chanting.
The iron shot hits you!!!
You die...

#.....#### ##...
############........#####.....
.......)...................^..
.........)....................
.......))...............<.....
##.#############..............
..............................
..............................
##.#...#######..@#############
##.##### #...# ##.# ###.# ##.#
#§# ##.# ######z# ##.#
#....§○# ##.# #.....Z# ##.#
#.....2# ##.# ######.#


You could see a reaper, an ancient champion (fast) and a white draconian
skeleton.

Vanquished Creatures
  Mara (Spider:4)
  Rupert (Lair:4)
  4 sphinxes
  2 ancient champions (Crypt:1)
  2 krakens
  Ilsuiw (Shoals:3)
  9 emperor scorpions
  A ghoul (Crypt:1)
  2 curse skulls
  A deep elf sorcerer (Elf:1)
  4 ghost moths
  2 vault wardens (Vaults:2)
  3 orc warlords
  9 very ugly things
  6 ironbound thunderhulks
  6 ironbound preservers
  A reaper (Crypt:2)
  4 war gargoyles (Vaults:2)
  A broodmother (Spider:3)
  7 vampire knights
  A deep elf demonologist (Elf:1)
  Azrael (Orc:2)
  6 dire elephants
  2 deep elf annihilators (Elf:1)
  A minotaur (Shoals:4)
  2 spark wasps
  5 eidola
  5 entropy weavers
  3 deep elf death magi
  4 merfolk impalers
  3 great orbs of eyes
  4 fire dragons
  A yaktaur captain (Vaults:1)
  3 merfolk javelineers (Shoals:3)
  3 jiangshi (Crypt:3)
  A deep elf high priest (Elf:1)
  2 peacekeepers (Vaults:2)
  Harold (D:9)
  4 vault guards (D:13)
  7 ironbound frosthearts
  A demonspawn (Orc:2)
  4 merfolk aquamancers
  3 hydras
  2 death knights (Crypt:1)
  3 radroaches
  16 satyrs
  4 centaur warriors
  A catoblepas (Lair:5)
  3 jorogumos
  An alligator snapping turtle (Shoals:3)
  4 dancing weapons (Elf:1)
  4 merfolk avatars
  3 boulder beetles
  4 two-headed ogres
  4 vampire magi
  A titan zombie (Crypt:2)
  3 orc high priests (Orc:2)
  A soul eater (Crypt:1)
  2 pharaoh ants
  A shadow wraith (Crypt:2)
  14 skeletal warriors
  A sun moth (Spider:1)
  Lodul (D:11)
  A flayed ghost (Crypt:2)
  12 sea snakes
  4 skysharks
  10 orb spiders
  A deep elf archer (Elf:1)
  A glowing orange brain (Vaults:2)
  A golden dragon skeleton (Crypt:1)
  A bog body (Crypt:1)
  Pikel (D:6)
  A swamp dragon (Lair:5)
  14 deep trolls
  An anaconda skeleton (Crypt:2)
  7 ironbound convokers
  4 lindwurms
  3 steelbarb worms
  A bunyip skeleton (Crypt:2)
  8 phantasmal warriors
  An oklob plant (Lair:5)
  5 wizards (Vaults:2)
  27 harpies
  5 necromancers
  A wolf spider zombie (Crypt:1)
  7 deep elf zephyrmancers (Elf:1)
  17 ugly things
  8 wolf spiders
  9 deep elf pyromancers
  11 orc knights
  9 cyclopes
  10 orc sorcerers
  3 moths of wrath
  Joseph (D:7)
  24 manticores
  24 fauns
  An eleionoma skeleton (Crypt:2)
  6 merfolk sirens
  2 black mambas
  A black mamba (shapeshifter) (D:13)
  7 water nymphs
  7 torpor snails
  A smoke demon (Orc:2)
  9 vault sentinels
  9 elephants (Lair:5)
  2 gargoyles
  3 demonic crawlers
  11 cane toads
  A centaur skeleton (Crypt:2)
  A red draconian zombie (Crypt:3)
  Psyche (D:11)
  An unseen horror (shapeshifter) (Elf:1)
  3 rime drakes
  16 komodo dragons
  An unseen horror (D:13)
  5 freezing wraiths
  3 kobold demonologists
  A catoblepas zombie (Crypt:2)
  A tengu conjurer (D:13)
  9 yaktaurs
  An alligator snapping turtle skeleton (Crypt:2)
  A red devil (Orc:2)
  A harpy zombie (Crypt:1)
  3 tyrant leeches (Lair:5)
  28 merfolk
  A polar bear (D:11)
  7 trolls
  A death drake zombie (Crypt:2)
  9 tarantellas
  12 hornets
  3 wind drakes
  2 harpy skeletons (Crypt:1)
  5 blink frogs (Lair:1)
  11 jumping spiders
  18 slime creatures
  8 snapping turtles
  4 centaur simulacra (D:11)
  5 flying skulls (Crypt:1)
  An air elemental (Elf:1)
  2 vampires
  7 culicivoras
  5 water elementals
  7 wraiths
  12 spriggans (Lair:3)
  5 basilisks
  A chaos spawn (Orc:2)
  33 yaks
  3 fire elementals (Orc:2)
  3 steam dragons
  5 wyverns
  A vampire mosquito (D:13)
  29 redbacks
  A wind drake skeleton (Crypt:3)
  Menkaure (D:7)
  3 wargs
  4 hell hounds (Orc:2)
  3 acid dragons
  6 ice beasts
  14 water moccasins
  2 swamp drakes (Lair:5)
  A sky beast (D:6)
  43 orc warriors
  2 black bears
  A merfolk simulacrum (Crypt:1)
  18 ogres
  An elephant zombie (Crypt:1)
  2 centaurs
  3 boggarts (Lair:3)
  12 wolves
  A phantom (D:7)
  Blork the orc (D:6)
  6 kobold brigands
  A draconian zombie (Crypt:2)
  An earth elemental (Elf:1)
  4 gnoll sergeants
  10 bullfrogs
  3 scorpions
  3 necrophages (Crypt:1)
  A wyvern skeleton (Crypt:3)
  10 wights
  21 killer bees
  A yak zombie (Crypt:2)
  A polar bear skeleton (Crypt:2)
  2 howler monkeys (D:10)
  An electric eel (D:11)
  2 quasits (D:8)
  3 gnoll boudas
  6 hounds
  A jelly (D:6)
  Crazy Yiuf (D:7)
  32 orc priests
  A sleepcap (D:5)
  7 iguanas
  14 orc wizards
  12 hell rats
  An acid dragon zombie (Crypt:1)
  An ogre skeleton (Crypt:1)
  32 gnolls
  9 adders
  3 shadow imps
  9 white imps
  4 ufetubi
  An iguana skeleton (Crypt:1)
  A worm (D:4)
  3 dart slugs
  95 orcs
  A bat zombie (Crypt:2)
  4 endoplasms
  9 goblins
  7 hobgoblins
  A quokka (D:1)
  3 training dummies (Shoals:2)
  6 ball pythons
  4 bats
  4 frilled lizards
  24 kobolds
  A rat (D:2)
  A butterfly (Lair:4)
  A tentacle (Shoals:3)
1264 creatures vanquished.

Vanquished Creatures (others)
  3 tentacles (Shoals:3)
3 creatures vanquished.

Grand Total: 1267 creatures vanquished

Notes
Turn   | Place    | Note
-------+----------+-------------------------------------------
     0 | D:1      | Esekla the Deep Elf Wanderer began the quest for the Orb.
     0 | D:1      | Esekla set off with the following items: a +0 club, a
                  | potion of lignification, a +0 robe, a +0 buckler; and the
                  | following spells available to memorise: Apportation, Blink,
                  | Lesser Beckoning, Magic Dart, Ignite Poison, Vampiric
                  | Draining.
     0 | D:1      | Reached XP level 1. HP: 10/10 MP: 7/7
     2 | D:1      | Learned a level 1 spell: Magic Dart
     4 | D:1      | Learned a level 1 spell: Apportation
   255 | D:2      | Found Renulab's Jewellery Shop.
   401 | D:4      | Found a radiant altar of Vehumet.
   409 | D:4      | Found an iron altar of Okawaru.
   420 | D:4      | Found a glowing silver altar of Zin.
   503 | D:4      | Became a worshipper of Vehumet
   694 | D:3      | Reached XP level 2. HP: 8/15 MP: 5/9
   698 | D:3      | Learned a level 2 spell: Blink
   821 | D:2      | Noticed a black bear
   840 | D:1      | Reached skill level 5 in Spellcasting
   925 | D:1      | Reached * piety under Vehumet
   925 | D:1      | Offered knowledge of Kiss of Death by Vehumet.
   940 | D:1      | Reached XP level 3. HP: 18/19 MP: 4/11
   944 | D:1      | Learned a level 3 spell: Ignite Poison
   948 | D:1      | Learned a level 3 spell: Vampiric Draining
  1127 | D:1      | Reached skill level 1 in Dodging
  1587 | D:2      | Reached skill level 1 in Conjurations
  1587 | D:2      | Reached skill level 1 in Necromancy
  1587 | D:2      | Reached XP level 4. HP: 24/24 MP: 10/13
  1606 | D:2      | Found a faded altar of an unknown god.
  1680 | D:3      | Identified the +5 rapier of the Hero {heavy, rN+ Dex+3}
  1947 | D:3      | Found a stormy altar of Qazlal.
  1960 | D:3      | Reached skill level 1 in Short Blades
  1985 | D:3      | Found a hazy altar of Hepliaklqana.
  1987 | D:3      | Found a bloodstained altar of Trog.
  2250 | D:5      | Entered Level 5 of the Dungeon
  2254 | D:5      | Reached XP level 5. HP: 27/28 MP: 13/15
  2263 | D:5      | Got the Parchment of the Lumpy Olives
  2287 | D:5      | Found a shadowy altar of Dithmenos.
  2386 | D:5      | Reached skill level 6 in Spellcasting
  2457 | D:5      | Reached skill level 1 in Throwing
  2457 | D:5      | Reached XP level 6. HP: 31/32 MP: 15/17
  3068 | D:4      | Reached ** piety under Vehumet
  3068 | D:4      | Offered knowledge of Static Discharge by Vehumet.
  3074 | D:4      | Learned a level 2 spell: Static Discharge
  3088 | D:4      | Found a glowing golden altar of the Shining One.
  3340 | D:4      | Found Ponaysk's Antique Weapon Boutique.
  3509 | D:2      | Reached skill level 7 in Spellcasting
  3509 | D:2      | Reached XP level 7. HP: 28/36 MP: 14/19
  3943 | D:5      | Reached skill level 1 in Air Magic
  4332 | D:6      | Reached skill level 8 in Spellcasting
  4353 | D:6      | Noticed Pikel
  4376 | D:7      | Found a runed translucent door.
  4377 | D:7      | Noticed Crazy Yiuf
  4387 | D:7      | Killed Crazy Yiuf
  4433 | D:7      | Noticed a wyvern
  4439 | D:7      | Killed a wyvern
  4439 | D:7      | Offered knowledge of Frozen Ramparts by Vehumet.
  4440 | D:7      | Reached XP level 8. HP: 19/41 MP: 12/22
  4444 | D:7      | Learned a level 3 spell: Frozen Ramparts
  4571 | D:7      | Noticed Menkaure
  4573 | D:7      | Killed Menkaure
  4632 | D:7      | Reached skill level 9 in Spellcasting
  4636 | D:7      | Reached skill level 1 in Ice Magic
  4875 | D:6      | Reached *** piety under Vehumet
  5080 | D:6      | Found a staircase to the Ecumenical Temple.
  5409 | D:6      | Found a blossoming altar of Fedhas.
  5416 | D:6      | Reached skill level 10 in Spellcasting
  5531 | D:6      | Killed Pikel
  5532 | D:6      | Reached skill level 5 in Necromancy
  5532 | D:6      | Reached XP level 9. HP: 25/45 MP: 14/25
  5535 | D:6      | Noticed Blork the orc
  5543 | D:6      | Killed Blork the orc
  5678 | D:7      | Offered knowledge of Mephitic Cloud by Vehumet.
  5696 | D:7      | Learned a level 3 spell: Mephitic Cloud
  5771 | D:7      | Reached skill level 1 in Poison Magic
  5874 | D:7      | Noticed Joseph
  6139 | D:8      | Noticed a two-headed ogre
  6253 | D:8      | Found a transporter.
  6254 | D:8      | Found a transporter.
  6256 | D:8      | Found a transporter.
  6265 | D:8      | Found a transporter.
  6274 | D:8      | Found a hide-covered altar of Uskayaw.
  6282 | D:8      | Reached **** piety under Vehumet
  6312 | D:8      | Offered knowledge of Stone Arrow by Vehumet.
  6456 | D:8      | Killed a two-headed ogre
  6457 | D:8      | Reached skill level 5 in Dodging
  6457 | D:8      | Reached skill level 11 in Spellcasting
  6637 | D:8      | Reached XP level 10. HP: 49/50 MP: 27/27
  7109 | D:9      | Found a flagged portal.
  7122 | Bailey   | Entered a bailey
  7134 | Bailey   | Reached ***** piety under Vehumet
  7143 | Bailey   | Offered knowledge of Irradiate by Vehumet.
  7164 | Bailey   | Learned a level 5 spell: Irradiate
  7284 | Bailey   | Identified the +2 bardiche of Puhoisos {heavy, rElec
                  | Stlth+}
  7288 | Bailey   | Noticed an orc knight
  7288 | Bailey   | Noticed an orc knight
  7296 | Bailey   | Killed an orc knight
  7297 | Bailey   | Reached skill level 1 in Transmutations
  7315 | Bailey   | Killed an orc knight
  7630 | D:9      | Reached skill level 1 in Fighting
  7723 | D:9      | Noticed a cyclops
  7753 | D:9      | Reached skill level 12 in Spellcasting
  7874 | D:9      | Killed a cyclops
  7875 | D:9      | Reached skill level 1 in Fire Magic
  7914 | D:9      | Noticed a cyclops
  7922 | D:9      | Killed a cyclops
  7948 | D:9      | Reached XP level 11. HP: 60/60 MP: 29/29
  8049 | D:10     | Entered Level 10 of the Dungeon
  8136 | D:10     | Found a staircase to the Orcish Mines.
  8150 | Orc:1    | Entered Level 1 of the Orcish Mines
  8151 | Orc:1    | Noticed an orc knight
  8166 | Orc:1    | You fall into a shaft and drop 1 floor!
  8166 | Orc:2    | Entered Level 2 of the Orcish Mines
  8203 | Orc:2    | Noticed an orc sorcerer
  8219 | Orc:2    | Killed an orc sorcerer
  8283 | Orc:2    | Reached skill level 13 in Spellcasting
  8399 | Orc:1    | Killed an orc knight
  8734 | D:2      | Bought the ring of the Mage {Wiz Archmagi} for 714 gold
                  | pieces
  8734 | D:2      | Found the ring of the Mage {Wiz Archmagi}
  9005 | D:11     | Noticed Lodul
  9095 | D:10     | Found a sacrificial altar of Ru.
  9260 | D:10     | Reached skill level 5 in Translocations
  9319 | D:11     | You fall into a shaft and drop 1 floor!
  9344 | D:12     | Found a portal to a secret trove of treasure.
  9408 | D:12     | Learned a level 5 spell: Fireball
  9481 | D:12     | Learned a level 2 spell: Wereblood
  9527 | D:11     | Reached skill level 14 in Spellcasting
  9677 | D:11     | Noticed Psyche
  9908 | D:12     | Learned a level 5 spell: Freezing Cloud
  9911 | D:12     | Learned a level 2 spell: Poisonous Vapours
  9982 | D:11     | Offered knowledge of Yara's Violent Unravelling by Vehumet.
  9993 | D:11     | Reached skill level 5 in Fighting
 10061 | D:11     | Reached skill level 1 in Armour
 10164 | D:11     | Reached XP level 12. HP: 68/68 MP: 32/32
 10167 | D:11     | Killed Lodul
 10243 | D:11     | Found a staircase to the Lair.
 10404 | D:11     | Reached skill level 15 in Spellcasting
 10406 | D:11     | Reached skill level 5 in Poison Magic
 10423 | D:11     | Noticed a two-headed ogre
 10434 | D:11     | Killed a two-headed ogre
 10527 | D:11     | Got Simple Magic
 10543 | D:11     | Found Fagafuf's Pet Rocks.
 10579 | D:11     | Killed Psyche
 10803 | Trove    | Entered a treasure trove
 10819 | Trove    | Identified the ring "Edamun" {rF+ Will+ Str+3 Dex+2 Slay+2}
 10829 | Trove    | Identified the +0 cloak of Time Monsters {Stlth+}
 10843 | Trove    | Identified the +1 flail "Jovap" {freeze, rElec Dex+5}
 10844 | Trove    | Identified the +3 ring mail "Poady" {+Inv rF+ Dex+2 Slay-4}
 10911 | Lair:1   | Entered Level 1 of the Lair of Beasts
 11426 | Lair:1   | Reached skill level 5 in Air Magic
 11823 | Lair:2   | Reached skill level 5 in Ice Magic
 11858 | Lair:2   | Found a transporter.
 11858 | Lair:2   | Found a transporter.
 11859 | Lair:2   | Noticed a boulder beetle
 11859 | Lair:2   | Noticed a boulder beetle
 11869 | Lair:2   | Killed a boulder beetle
 11874 | Lair:2   | Killed a boulder beetle
 11977 | Lair:2   | Reached skill level 1 in Earth Magic
 12318 | D:2      | Bought the ring of Greed {rElec rPois rN+ AC+4 Str-2} for
                  | 758 gold pieces
 12581 | Lair:2   | Reached skill level 16 in Spellcasting
 12597 | Lair:2   | Reached skill level 5 in Conjurations
 12757 | Lair:2   | Found a staircase to the Shoals.
 12764 | Lair:2   | Reached XP level 13. HP: 75/75 MP: 25/35
 13272 | Lair:3   | Identified the +3 leather armour of Okawaru's Inspiration
                  | {Str+4}
 13328 | Lair:3   | Found a hole to the Spider Nest.
 14065 | Lair:4   | Learned a level 4 spell: Sticky Flame
 14501 | Lair:4   | Noticed Rupert
 14508 | Lair:4   | Killed Rupert
 14747 | Lair:5   | Entered Level 5 of the Lair of Beasts
 14787 | Lair:5   | Reached skill level 5 in Fire Magic
 14792 | Lair:5   | Reached skill level 10 in Necromancy
 14796 | Lair:5   | Reached skill level 17 in Spellcasting
 14902 | Lair:5   | Reached XP level 14. HP: 84/84 MP: 25/37
 15273 | Lair:5   | Found a viscous altar of Jiyva.
 15273 | Lair:5   | Found a staircase to the Slime Pits.
 15430 | Lair:5   | Found a runed translucent door.
 15903 | Lair:5   | Got Utragud's Papyrus of the Inquisitive Olives
 16418 | Orc:2    | Noticed an orc warlord
 16424 | Orc:2    | Found a staircase to the Elven Halls.
 16435 | Orc:2    | Killed an orc warlord
 16555 | Orc:2    | Found Bamnuus's General Store.
 16571 | Orc:2    | Found Roezostra's General Store.
 16623 | Orc:2    | Offered knowledge of Iskenderun's Battlesphere by Vehumet.
 16782 | Orc:2    | Noticed Azrael
 16790 | Orc:2    | Killed Azrael
 16861 | Orc:2    | Reached skill level 18 in Spellcasting
 16948 | Orc:2    | Reached skill level 5 in Earth Magic
 17022 | Orc:2    | Found Jyohez's Book Shop.
 17022 | Orc:2    | Found Huzal's Antique Armour Boutique.
 17029 | Orc:2    | Found a one-way gate leading to the halls of Pandemonium.
 17031 | Orc:2    | Bought a Young Poisoner's Handbook for 300 gold pieces
 17033 | Orc:2    | Bought a runed helmet for 270 gold pieces
 17050 | Orc:2    | Learned a level 4 spell: Olgreb's Toxic Radiance
 17149 | Orc:1    | Noticed an orc warlord
 17158 | Orc:1    | Killed an orc warlord
 17623 | D:9      | Noticed Harold
 17653 | D:9      | Found a sparkling altar of Nemelex Xobeh.
 17700 | D:9      | Reached XP level 15. HP: 91/91 MP: 35/39
 17794 | D:9      | Killed Harold
 17929 | D:7      | Killed Joseph
 18103 | Spider:1 | Entered Level 1 of the Spider Nest
 18131 | Spider:1 | Identified the +1 pair of boots of Piysunuo {Str+3}
 18676 | Spider:2 | Reached skill level 19 in Spellcasting
 18838 | Spider:2 | Reached ****** piety under Vehumet
 18838 | Spider:2 | Offered knowledge of Ozocubu's Refrigeration by Vehumet.
 18851 | Spider:2 | Learned a level 7 spell: Ozocubu's Refrigeration
 18868 | Spider:2 | Reached skill level 10 in Fighting
 18870 | Spider:2 | Reached skill level 10 in Dodging
 19363 | Elf:1    | Entered Level 1 of the Elven Halls
 19601 | Elf:1    | Noticed a deep elf sorcerer
 19604 | Elf:1    | Killed a deep elf sorcerer
 19605 | Elf:1    | Reached skill level 5 in Armour
 20149 | Elf:1    | Acquired the +0 pair of boots "Pojoas" {Rampage +Inv Int+3}
 20173 | Elf:1    | Acquired 1295 gold pieces
 20177 | Elf:1    | Acquired the Reference Book on Tectonic Breath
 20543 | D:4      | Bought the +8 arc blade {discharge, rElec} for 1740 gold
                  | pieces
 20543 | D:4      | Found the +8 arc blade {discharge, rElec}
 20625 | D:2      | Bought a ring of see invisible for 210 gold pieces
 20926 | Spider:3 | Noticed an emperor scorpion
 20935 | Spider:3 | Killed an emperor scorpion
 21144 | Spider:3 | Offered knowledge of Eringya's Noxious Bog by Vehumet.
 21283 | Spider:3 | Noticed an emperor scorpion
 21295 | Spider:3 | Killed an emperor scorpion
 21296 | Spider:3 | Reached XP level 16. HP: 99/99 MP: 25/41
 22077 | Spider:4 | Entered Level 4 of the Spider Nest
 22077 | Spider:4 | Noticed Mara
 22161 | Spider:4 | Noticed Esekla's illusion
 22224 | Spider:3 | Reached skill level 20 in Spellcasting
 22354 | Spider:4 | Noticed Esekla's illusion
 22355 | Spider:4 | Killed Mara
 23400 | Spider:4 | Got a gossamer rune of Zot
 23615 | Shoals:1 | Entered Level 1 of the Shoals
 23864 | Shoals:1 | Reached skill level 21 in Spellcasting
 23971 | Shoals:2 | Offered knowledge of Iron Shot by Vehumet.
 24493 | Shoals:2 | Reached XP level 17. HP: 87/104 MP: 34/44
 24698 | Shoals:2 | Found Biskeott's Firing Range.
 24871 | Shoals:2 | Reached skill level 1 in Long Blades
 25345 | Shoals:3 | Noticed a kraken
 25353 | Shoals:3 | Killed a kraken
 25474 | Shoals:3 | Reached skill level 22 in Spellcasting
 25822 | Shoals:3 | Found Zemonaik's Distillery.
 25882 | Shoals:3 | Bought a potion of heal wounds for 75 gold pieces
 25882 | Shoals:3 | Bought a potion of heal wounds for 75 gold pieces
 25882 | Shoals:3 | Bought 2 potions of heal wounds for 150 gold pieces
 26084 | Shoals:3 | Noticed Ilsuiw
 26092 | Shoals:3 | Killed Ilsuiw
 26466 | Shoals:2 | Identified the +1 animal skin "Kougi" {rPois rF++ MP+9}
 26495 | Shoals:4 | Entered Level 4 of the Shoals
 26596 | Shoals:4 | Offered knowledge of Spellforged Servitor by Vehumet.
 26722 | Shoals:4 | Identified the +1 ring mail "Uronn" {rF+ Regen+ Int+3}
 27154 | Shoals:4 | Reached skill level 23 in Spellcasting
 27440 | Shoals:4 | Identified the ring "Pileq" {Ice Str+4 Dex+3 Slay+2}
 27620 | Shoals:4 | Reached XP level 18. HP: 112/112 MP: 37/47
 27620 | Shoals:4 | Paralysed by a sphinx for 3 turns
 27672 | Shoals:4 | Got Cuuv Rytt's Atlas of Hot Beguiling
 27691 | Shoals:4 | Got a barnacled rune of Zot
 28801 | D:13     | Learned a level 4 spell: Airstrike
 28840 | D:13     | Offered knowledge of Fire Storm by Vehumet.
 28840 | D:13     | Offered knowledge of Chain Lightning by Vehumet.
 28840 | D:13     | Offered knowledge of Polar Vortex by Vehumet.
 29274 | D:13     | Found a gate to the Vaults.
 29425 | Vaults:1 | Entered Level 1 of the Vaults
 29466 | Vaults:1 | Reached skill level 10 in Ice Magic
 29550 | Vaults:1 | Reached skill level 24 in Spellcasting
 29600 | Vaults:1 | Identified the +9 arbalest of Xom's Indignation {penet,
                  | Dex+4 Stlth+}
 29791 | Vaults:1 | Found Emogyl Osee's Armour Boutique.
 30629 | Vaults:1 | Learned a level 8 spell: Maxwell's Capacitive Coupling
 30890 | Vaults:2 | Learned a level 4 spell: Dispel Undead
 30924 | Vaults:2 | Reached skill level 10 in Earth Magic
 30983 | Vaults:2 | Found a staircase to the Crypt.
 30999 | Vaults:2 | Found a flickering gateway to a bazaar.
 31016 | Bazaar   | Entered a bazaar
 31036 | Bazaar   | Found Huts's Armour Emporium.
 31036 | Bazaar   | Found Fuoqy's Distillery.
 31040 | Bazaar   | Bought a potion of curing for 21 gold pieces
 31040 | Bazaar   | Bought a potion of mutation for 56 gold pieces
 31046 | Bazaar   | Bought a +1 cloak of stealth for 181 gold pieces
 31057 | Bazaar   | Found Luehida's Magic Scroll Shoppe.
 31061 | Bazaar   | Bought a scroll of blinking for 82 gold pieces
 31075 | Bazaar   | Found Subykus's Antique Weapon Emporium.
 31075 | Bazaar   | Found Zefiutze's Weapon Shoppe.
 31079 | Bazaar   | Bought the +8 Vampire's Tooth {megavamp} for 540 gold
                  | pieces
 31079 | Bazaar   | Found the +8 Vampire's Tooth {megavamp}
 31085 | Bazaar   | Bought a glowing long sword for 175 gold pieces
 31102 | Bazaar   | Found Gopir's Armour Shoppe.
 31106 | Bazaar   | Bought the +0 mask of the Dragon {Will+ Slay+3 SInv} for
                  | 367 gold pieces
 31106 | Bazaar   | Found the +0 mask of the Dragon {Will+ Slay+3 SInv}
 31550 | Vaults:2 | Reached skill level 25 in Spellcasting
 31626 | Vaults:2 | Paralysed by a great orb of eyes for 4 turns
 31631 | Vaults:2 | Reached XP level 19. HP: 96/116 MP: 31/50
 32415 | Crypt:1  | Entered Level 1 of the Crypt
 32561 | Crypt:1  | Reached skill level 26 in Spellcasting
 33680 | Crypt:2  | Found a runed translucent gate.
 33680 | Crypt:2  | Found a runed translucent gate.
 33680 | Crypt:2  | Found a runed translucent gate.
 33683 | Crypt:2  | Noticed Wesoq's ghost (veteran MiGl)
 33684 | Crypt:2  | Noticed Ulecsuczon's ghost (veteran MiGl)
 33684 | Crypt:2  | Noticed Hynnuzim's ghost (veteran CeHu)
 33940 | Crypt:2  | HP: 1/109 [reaper/+1 heavy scythe (39)]
 34122 | Crypt:3  | Entered Level 3 of the Crypt
 34357 | Crypt:3  | Killed from afar by an ancient champion

Illustrated notes

Levels and vault maps discovered:
D:1:      sevenhm_arrival_forest_fort_small_3, layout_rooms,
          chequers_serial_rivers_room_b, minmay_misc_feat_five
D:2:      layout_loops_ring, dreamdust_ecumenical_altar_angels_and_demons,
          serial_shops, shop
D:3:      layout_basic, grunt_temple_overflow_open, minmay_misc_feat_iff
D:4:      layout_basic, nicolae_overflow_quartered_altars, serial_shops,
          nicolae_diamond_shop
D:5:      layout_loops_ring, lemuel_doored_altar, minmay_misc_feat_rows,
          dreamdust_wishing_well
D:6:      layout_loops_cross, fedhas_altar_fruit_tree,
          minmay_temple_entry_glass, uniq_pikel, uniq_blork_the_orc
D:7:      layout_basic, uniq_menkaure, uniq_joseph, uniq_crazy_yiuf_cottage
D:8:      layout_basic, nicolae_uskayaw_dance_hall, serial_demonic,
          serial_demonic_d, serial_demonic_a, serial_demonic_c,
          serial_demonic_c, nicolae_diode_quadrants
D:9:      layout_irregular_city, kennysheep_little_box, enter_bailey_4,
          minmay_between, uniq_harold
D:10:     layout_basic, nicolae_ru_awakened_eye
D:11:     layout_rooms, hellmonk_lair_entry_icy, serial_ice, serial_ice_j,
          serial_ice_m, serial_ice_o, serial_ice_c, serial_ice_g, serial_ice_f,
          guppyfry_shop_earth, uniq_psyche, uniq_lodul
D:12:     layout_roguey, nicolae_trove_entry_crossroad
D:13:     layout_loops_ring, lightli_vaults_fourway_checkpoint
Lair:1:   layout_small_grid
Lair:2:   gammafunk_boulding_lane, layout_small_grid, elwin_shoals_entry_rooms
Lair:3:   kb_forest_paths, layout_chaotic_city, spider_nest_entry_rubble
Lair:4:   layout_hall_layers, grunt_megastairs_3, lemuel_fruit_fields,
          uniq_rupert
Lair:5:   guppyfry_lair_end_dragon, layout_misc_corridors, wormcave,
          dpeg_slime_entry_enclosed
Shoals:1: layout_shoals, nicolae_shoals_nautilus_by_nature
Shoals:2: argonaut_golden_fleece, layout_shoals, nicolae_shop_firing_range
Shoals:3: layout_shoals, serial_shops, shop, nicolae_shoals_lost_giant_hut,
          uniq_ilsuiw
Shoals:4: shoals_end_hellmonk_lost_city, serial_shops
Spider:1: layout_spider_delve, nicolae_spider_some_kinda_spiderbox
Spider:2: layout_spider_delve, nicolae_spider_twisty_arc_passages
Spider:3: layout_chambers, nicolae_orb_stairs
Spider:4: grunt_spider_rune_circles, guppyfry_hornet_nest, uniq_mara
Orc:1:    layout_caves
Orc:2:    pf_orc_diabolical, layout_diamond_mine, uniq_azrael
Elf:1:    minmay_elf_arrival_plus, layout_loops_cross,
          kennysheep_underground_church
Vaults:1: vaults_dpeg_emergency_exit, nicolae_vaults_ellipses_ellipsis,
          nicolae_vaults_variable_pillar_hall, v_misc_22, v_misc_33,
          nicolae_vaults_closet_pinwheel_3, v_alt_pattern_4, v_alt_pattern_4,
          nicolae_vaults_tetromino_Z_2, nicolae_vaults_taking_the_gang_shopping,
          nicolae_vaults_spaceships, v_misc_33, nicolae_vaults_shelves_hall,
          nicolae_vaults_trapezoid_lopsided_1, nicolae_vaults_little_ls,
          layout_vaults_ring
Vaults:2: ontoclasm_vaults_bender, nicolae_vaults_storage_closets_1, v_misc_9,
          vaults_room_pools, nicolae_vaults_more_shelving_2, v_misc_14,
          vaults_standard_mumra_lines, hangedman_vaults_stream,
          nicolae_vaults_windows_and_doors_thing,
          minmay_crypt_entry_simple_corners, nicolae_vaults_stand_back,
          vaults_dpeg_diagonal, nicolae_vaults_little_squares_5,
          layout_vaults_omnibox, serial_shops, bzr_entry_gold
Crypt:1:  layout_rooms, grunt_ministairs_11, st_small_mortuary
Crypt:2:  layout_chaotic_city, gammafunk_ghost_cemetery
Crypt:3:  david_glass_crypt, layout_misc_corridors, tomb_entry_simple_bobbens,
          glass_columns_a

Skill      XL: |  1  2  3  4  5  6  7  8  9 10 11 12 13 14 15 16 17 18 19 |
---------------+----------------------------------------------------------+-----
Spellcasting   | 5 6 7 8 10 11 12 14 16 17 18 19 21 23 25 26 | 26.7
Dodging        | 1 2 3 4 5 7 8 9 10 11 12 13 | 13.9
Conjurations   | 1 2 4 5 6 7 |  7.1
Necromancy     | 1 3 5 6 7 8 9 10 11 | 11.5
Stealth        | 2 3 4 |  4.9
Short Blades   | 1 2 3 4 |  4.3
Throwing       | 1 2 3 4 |  4.0
Translocations | 3 4 5 6 7 |  7.1
Air Magic      | 2 3 4 5 6 7 8 9 |  9.8
Ice Magic      | 2 3 4 5 6 7 8 9 10 | 10.4
Shields        | 2 3 |  3.6
Poison Magic   | 3 4 5 6 7 8 9 |  9.0
Transmutations | 2 3 |  3.7
Fighting       | 3 5 6 8 9 10 11 12 | 12.0
Fire Magic     | 1 2 4 5 6 7 |  7.3
Armour         | 1 2 3 4 5 6 7 |  7.5
Earth Magic    | 1 3 5 6 8 10 11 | 11.0
Long Blades    | 1 3 |  3.0
Invocations    | |  1.0
Evocations     | |  0.5

Action                     |  1- 3 |  4- 6 |  7- 9 | 10-12 | 13-15 | 16-18 | 19-21 || total
---------------------------+-------+-------+-------+-------+-------+-------+-------++-------
  Melee: Short sword       |    80 |     9 |       |       |       |       |       ||    89
         Rapier            |       |    49 |    83 |    74 |    54 |    91 |       ||   351
         Dagger            |       |     9 |    10 |       |       |       |       ||    19
         Scimitar          |       |       |       |     5 |    14 |    57 |       ||    76
         Long sword        |       |       |       |       |       |     6 |   144 ||   150
         Quick blade       |       |       |       |       |       |     3 |       ||     3
  Throw: Dart              |       |    27 |    42 |    53 |     1 |       |       ||   123
         Boomerang         |       |       |       |     2 |    18 |     6 |    22 ||    48
         Javelin           |       |       |       |       |       |     4 |       ||     4
   Cast: Apportation       |    26 |    17 |    37 |    88 |    83 |    76 |    16 ||   343
         Magic Dart        |    39 |    40 |    52 |    39 |    32 |       |       ||   202
         Vampiric Draining |       |     5 |    42 |    46 |    31 |    47 |     2 ||   173
         Blink             |       |     5 |     6 |    11 |     6 |     8 |     4 ||    40
         Ignite Poison     |       |       |    18 |   100 |   152 |   192 |    45 ||   507
         Frozen Ramparts   |       |       |     3 |     1 |    22 |    33 |     5 ||    64
         Mephitic Cloud    |       |       |    18 |    70 |    23 |    13 |    24 ||   148
         Static Discharge  |       |       |     1 |       |       |       |       ||     1
         Poisonous Vapours |       |       |       |    85 |   238 |   252 |    32 ||   607
         Fireball          |       |       |       |    17 |     3 |    10 |     4 ||    34
         Wereblood         |       |       |       |     5 |    16 |    25 |    14 ||    60
         Freezing Cloud    |       |       |       |     7 |    42 |    30 |     1 ||    80
         Sticky Flame      |       |       |       |       |    18 |    61 |    49 ||   128
         Olgreb's Toxic Ra |       |       |       |       |    21 |    60 |     9 ||    90
         Irradiate         |       |       |       |       |    18 |    15 |    13 ||    46
         Ozocubu's Refrige |       |       |       |       |     2 |    17 |       ||    19
         Airstrike         |       |       |       |       |       |     3 |     2 ||     5
         Dispel Undead     |       |       |       |       |       |     2 |    77 ||    79
  Evoke: Wand              |     2 |       |     6 |     8 |     3 |       |       ||    19
    Use: Scroll            |     1 |       |    10 |     9 |    10 |     9 |     2 ||    41
         Potion            |       |       |     2 |     4 |     2 |     6 |     5 ||    19
   Stab: Sleeping          |     4 |     2 |     6 |     5 |     8 |     4 |     2 ||    31
         Distracted        |       |     1 |       |     1 |       |       |       ||     2
         Confused          |       |       |       |     6 |       |     1 |       ||     7
 Armour: Robe              |    19 |    10 |    40 |    14 |       |       |       ||    83
         Troll leather arm |       |       |       |     6 |    72 |   154 |       ||   232
         Ring mail         |       |       |       |       |       |   103 |   173 ||   276
         Skin              |       |       |       |       |       |     2 |       ||     2
  Dodge: Dodged            |    38 |    45 |   105 |    83 |    93 |   255 |   178 ||   797
  Block: Buckler           |    14 |     8 |    36 |    24 |    35 |   126 |    53 ||   296
         Reflection        |       |       |       |       |       |    12 |       ||    12
